 Dungeon Crawl Stone Soup version 0.26-b1-32-g5d43845318 (webtiles) character file.

Game seed: 17564931830386856123

678 Aviak the Slasher (level 7, 0/38 HPs)
             Began as a Vine Stalker Gladiator on Jan 9, 2021.
             Slain by a big kobold zombie (3 damage)
             ... in an ossuary.
             The game lasted 00:03:23 (1379 turns).

Aviak the Slasher (Vine Stalker Gladiator)          Turns: 1379, Time: 00:03:23

Health: 0/38       AC:  6    Str: 16    XL:     7   Next: 60%
Magic:  0/8        EV:  7    Int:  8    God:
Gold:   92         SH:  0    Dex: 18    Spells: 6/6 levels left

rFire    . . .     SeeInvis .   a - +0 long sword
rCold    . . .     Faith    .   (no shield)
rNeg     . . .     Spirit   +   e - +0 ring mail
rPois    .         Reflect  .   c - +0 helmet
rElec    .         Harm     .   (no cloak)
rCorr    .         Rampage  .   (no gloves)
Will     .....                  (no boots)
Stlth    +.........             o - amulet of the acrobat
HPRegen  0.52/turn              (no ring)
MPRegen  0.11/turn              (no ring)

@: marked, held
A: fangs 2, regeneration 1, magic shield, antimagic bite, no potion heal 3
a: no special abilities


You were in an ossuary.
You visited 1 branch of the dungeon, and saw 4 of its levels.
You also visited: Ossuary.

You collected 92 gold pieces.

Inventory:

Hand Weapons
 a - a +0 long sword (weapon)
Missiles
 d - 3 throwing nets (quivered) {!f}
Armour
 b - a +0 leather armour
 c - a +0 helmet (worn)
 e - a +0 ring mail (worn)
Jewellery
 g - an uncursed ring of ice
 o - an amulet of the acrobat (around neck)
Scrolls
 h - a scroll of remove curse {unknown}
 i - a scroll of identify
 j - a scroll of blinking {unknown}
 m - a scroll of enchant armour {unknown}
Potions
 f - a potion of resistance
 l - a potion of curing {unknown}
 n - a potion of attraction {unknown}


   Skills:
 + Level 4.4 Fighting
 + Level 5.0 Long Blades
 - Level 2.0 Throwing
 + Level 4.5 Dodging


You had 6 spell levels left.
You didn't know any spells.
Your spell library was empty.

Dungeon Overview and Level Annotations

Branches:
Dungeon (6/15)             Temple (0/1) D:6         Ossuary (1/1)

Altars:
Kikubaaqudgha
Nemelex Xobeh
Uskayaw
The Shining One


Innate Abilities, Weirdness & Mutations

You have extremely sharp teeth.
Your natural rate of healing is unusually fast.
When hurt, damage is shared between your health and your magic reserves.
Your bite disrupts and absorbs the magic of your enemies.
Potions cannot restore your health.


Message History

The big kobold zombie is heavily damaged.
The centaur zombie hits you but does no damage.
The big kobold zombie hits you.
You barely miss the big kobold zombie. Your bite misses the big kobold zombie.
The big kobold zombie is heavily damaged.
The centaur zombie closely misses you.
You riposte.
You hit the centaur zombie. You bite the centaur zombie. You drain its power.
You feel invigorated.
The centaur zombie is moderately damaged.
The big kobold zombie hits you but does no damage.
The mummy drops a net on you. A large net falls onto you!
You become entangled in the net!
The mummy hits you!
* * * LOW HITPOINT WARNING * * *
The centaur zombie hits you.
* * * LOW HITPOINT WARNING * * *
Okay, then.
Okay, then.
You struggle against the net.
The centaur zombie hits you.
* * * LOW HITPOINT WARNING * * *
The big kobold zombie hits you.
You die...

#########
.#.#.#.#@#.#.###########
...^.^.MMZZ..^.^..Z.....##
^....^...M^.^.^...§..Z...#
^....^^..........∩.∩.....#
....^....^...............#
.^.....^.....^.^........##
#.#.#.#.#.#.#.###########
###############


You could see 3 mummies, a big kobold zombie and a centaur zombie.

Vanquished Creatures
  Sigmund (D:2)
  2 centaurs
  A bullfrog (D:1)
  2 centaur zombies (Ossuary)
  An iguana (D:6)
  Terence (D:2)
  A big kobold zombie (Ossuary)
  3 mummies (Ossuary)
  7 adders
  A dart slug (D:1)
  3 orcs (D:3)
  5 giant cockroaches
  4 goblins
  3 hobgoblins (D:2)
  8 jackals (D:1)
  A quokka (D:2)
  6 bats
  2 frilled lizards
  3 hobgoblin zombies (Ossuary)
  7 kobolds
  9 rats
71 creatures vanquished.

Notes
Turn   | Place    | Note
-------+----------+-------------------------------------------
     0 | D:1      | Aviak the Vine Stalker Gladiator began the quest for the
                  | Orb.
     0 | D:1      | Reached XP level 1. HP: 11/11 MP: 2/2
    67 | D:1      | Reached XP level 2. HP: 13/15 MP: 3/3
   298 | D:1      | Reached skill level 3 in Long Blades
   517 | D:1      | Reached XP level 3. HP: 18/18 MP: 4/4
   619 | D:2      | Noticed a bullfrog
   624 | D:1      | Killed a bullfrog
   625 | D:1      | Gained mutation: Your natural rate of healing is unusually
                  | fast. [Vine Stalker growth]
   625 | D:1      | Reached XP level 4. HP: 20/23 MP: 5/5
   738 | D:2      | Noticed a centaur
   756 | D:1      | Reached XP level 5. HP: 14/28 MP: 3/6
   803 | D:2      | Killed a centaur
   853 | D:2      | Noticed Sigmund
   872 | D:2      | Killed Sigmund
   873 | D:2      | Reached skill level 4 in Long Blades
   873 | D:2      | Reached XP level 6. HP: 25/33 MP: 5/7
   950 | D:2      | Noticed Terence
   962 | D:2      | Killed Terence
  1057 | D:2      | Found a sparkling altar of Nemelex Xobeh.
  1058 | D:2      | Found an ancient bone altar of Kikubaaqudgha.
  1189 | D:3      | Found a hide-covered altar of Uskayaw.
  1189 | D:3      | Noticed a +0 dagger
  1189 | D:3      | Noticed a +0 dagger
  1246 | D:3      | Reached XP level 7. HP: 33/37 MP: 8/8
  1266 | D:3      | You fall into a shaft and drop 3 floors!
  1321 | D:6      | Found a glowing golden altar of the Shining One.
  1323 | D:6      | Found a sand-covered staircase.
  1333 | Ossuary  | Entered an ossuary
  1374 | Ossuary  | Reached skill level 5 in Long Blades
  1379 | Ossuary  | Slain by a big kobold zombie

Illustrated notes

Levels and vault maps discovered:
D:1:      psy_arrival_radial01, layout_rooms
D:2:      layout_basic, gammafunk_temple_overflow_pools, uniq_sigmund,
          uniq_terence
D:3:      layout_basic, nicolae_overflow_hidden_temple, dancing_weapons_uskayaw
D:6:      layout_loops_cross, lemuel_round_altar,
          nicolae_dithmenos_the_darkroom, nicolae_overflow_crystal_walls,
          minmay_temple_entry_grid, basic_altar, nicolae_ossuary_entry_monument,
          kennysheep_generic_room_14, uniq_prince_ribbit1
Ossuary:  ossuary_the_hunt_dpeg

Skill      XL: |  1  2  3  4  5  6  7 |
---------------+----------------------+-----
Fighting       | 2 3 4 |  4.4
Throwing       | 2 |  2.0
Long Blades    | 3 4 5 |  5.0
Dodging        | 3 4 |  4.5

Action                   |  1- 3 |  4- 6 |  7- 9 || total
-------------------------+-------+-------+-------++-------
Melee: Long sword        |    46 |    99 |    36 ||   181
       Bite              |    13 |    38 |    33 ||    84
  Use: Scroll            |       |     2 |     1 ||     3
       Potion            |       |     2 |       ||     2
 Stab: Sleeping          |     1 |       |       ||     1
Armor: Leather armour    |    18 |    13 |       ||    31
       Ring mail         |       |    14 |    15 ||    29
Dodge: Dodged            |    39 |    87 |    65 ||   191
       Rpst.: Long sword |    17 |    27 |    27 ||    71
